 Dungeon Crawl Stone Soup version 0.31-a0-819-gf6de2f5ab6 (webtiles) character file.

Game seed: 6626655282886296210

877 qw the Skirmisher (level 8, -12/53 HPs)
             Began as a Gargoyle Hunter on Sept 23, 2023.
             Mangled by a two-headed ogre
             ... wielding a +0 giant club
              (19 damage)
             ... on level 6 of the Dungeon.
             The game lasted 00:01:33 (4007 turns).

qw the Skirmisher (Gargoyle Hunter)                 Turns: 4007, Time: 00:01:34

Health: -12/53     AC: 15    Str: 14    XL:     8   Next: 4%
Magic:  7/7        EV: 12    Int: 11    God:
Gold:   95         SH:  0    Dex: 21    Spells: 7/7 levels left

rFire   + . .        Y - +0 shortbow
rCold   + . .        (shield currently unavailable)
rNeg    + . .        f - +0 ring mail
rPois   inf          (no helmet)
rElec   +            p - +0 cloak
rCorr   .            (no gloves)
SInv    .            c - +2 pair of boots
Will    .....        (no amulet)
Stlth   +            j - +6 ring of dexterity
HPRegen 0.28/turn    k - ring of protection from cold
MPRegen 0.10/turn

%: no passive effects
@: about to teleport
A: sickness immunity, AC +5, negative energy resistance 1, electricity
resistance, torment resistance 1, petrification resistance, fire resistance 1,
low MP 1, robust 1
a: no special abilities


You were on level 6 of the Dungeon.
You visited 1 branch of the dungeon, and saw 6 of its levels.

You collected 292 gold pieces.
You spent 197 gold pieces at shops.


Innate Abilities, Weirdness & Mutations

You are immune to sickness and miasma.
Your stone body is resilient. (AC +5)
You are immune to poison.
You resist negative energy. (rN+)
You are resistant to electric shocks. (rElec)
You are resistant to unholy torment.
You are immune to petrification.
Your flesh is heat resistant. (rF+)
Your magical capacity is low. (-10% MP)
You are robust. (+10% HP)


   Skills:
 - Level 5.1 Fighting
 + Level 8.0 Ranged Weapons
 - Level 2.1 Armour
 - Level 2.6 Dodging
 - Level 1.1 Stealth


You had 7 spell levels left.
You didn't know any spells.
Your spell library was empty.

Inventory:

Hand Weapons
 Y - a +0 shortbow (weapon)
Armour
 c - a +2 pair of boots (worn)
 f - a +0 ring mail (worn)
 p - a +0 cloak (worn)
Jewellery
 j - a +6 ring of dexterity (left hand)
 k - a ring of protection from cold (right hand)
Scrolls
 a - a scroll of enchant weapon {unknown}
 i - a scroll of teleportation
 n - 4 scrolls of identify
Potions
 b - 2 potions of curing
 e - 3 potions of heal wounds
 g - a potion of enlightenment
 m - a potion of mutation

Dungeon Overview and Level Annotations

Branches:
Dungeon (6/15)
 Temple: D:4-7

Altars:
Gozag
Qazlal

Shops:
D:4 *?


Message History

A two-headed ogre comes into view. It is wielding two +0 giant clubs.
Enter note:
Enter note: You shoot an arrow.
The two-headed ogre shouts in stereo!
The arrow hits the two-headed ogre but does no damage.
You shoot an arrow.
The arrow hits the two-headed ogre but does no damage.
You shoot an arrow. The arrow hits the two-headed ogre!
The two-headed ogre is lightly wounded.
You shoot an arrow. The arrow hits the two-headed ogre.
The two-headed ogre is moderately wounded.
You shoot an arrow. The arrow hits the two-headed ogre!
The two-headed ogre is heavily wounded.
You shoot an arrow. The arrow hits the two-headed ogre.
The two-headed ogre is heavily wounded.
You shoot an arrow. The arrow hits the two-headed ogre.
The two-headed ogre is heavily wounded.
The two-headed ogre closely misses you.
The two-headed ogre hits you with a +0 giant club.
You shoot an arrow.
The arrow hits the two-headed ogre but does no damage.
The two-headed ogre is heavily wounded.
The two-headed ogre hits you with a +0 giant club.
The two-headed ogre hits you with a +0 giant club!
You shoot an arrow. The arrow hits the two-headed ogre.
The two-headed ogre is heavily wounded.
The two-headed ogre closely misses you.
The two-headed ogre hits you with a +0 giant club!
You shoot an arrow.
The arrow completely misses the two-headed ogre.
You shoot an arrow. The arrow hits the two-headed ogre.
The two-headed ogre is severely wounded.
The two-headed ogre closely misses you.
The two-headed ogre hits you with a +0 giant club!
4007 ||| READING 2 scrolls of teleportation.
As you read the scroll of teleportation, it crumbles to dust.
You feel strangely unstable.
The two-headed ogre hits you with a +0 giant club!!
You die...

......#..# .........# #.#
#.#.....# ..... #........# #.##
#.......# ..... #........# #..#
...............####........# ##.#
...###.###......#...#......# #.#
...## ^# .......#.#......####.#
....##.###....................#.#
.....#....... #........>..# #.#
..##......... #@....#).#..# #.#
................O#####..#..## #.#
..###............# ##......###.#
......#.#...............>.......#
..........................#......
.......#..........#####.#.##....#
...##.............# #....###..#
.......##........## ###..# ##..
......## .... #..# #..


You could see a two-headed ogre.

Vanquished Creatures
  2 ice beasts
  A black bear (D:5)
  An ogre (D:5)
  3 scorpions (D:5)
  2 howler monkeys
  A jelly (D:4)
  An orc priest (D:5)
  An iguana (D:4)
  Jessica (D:3)
  6 adders
  A shadow imp (D:5)
  An ufetubus (D:6)
  3 dart slugs (D:2)
  15 orcs
  2 bats (D:2)
  2 endoplasms
  7 goblins
  3 hobgoblins
  2 jackals (D:5)
  5 quokkas
  5 ball pythons
  9 kobolds
  6 rats
80 creatures vanquished.

Notes
Turn   | Place    | Note
-------+----------+-------------------------------------------
     0 | D:1      | qw the Gargoyle Hunter began the quest for the Orb.
     0 | D:1      | Reached XP level 1. HP: 12/12 MP: 1/1
     0 | D:1      | 0 ||| qw: Version: 0.3-a-83-gcd0e7d8
     0 | D:1      | 0 ||| qw: Game counter: 1355
     0 | D:1      | 0 ||| qw: Melee chars always use a shield: true
     0 | D:1      | 0 ||| qw: God list: Okawaru
     0 | D:1      | 0 ||| qw: Allow faded altars: false
     0 | D:1      | 0 ||| qw: Do Orc after clearing Dungeon:15 true
     0 | D:1      | 0 ||| qw: Do second Lair branch before Depths: true
     0 | D:1      | 0 ||| qw: Lair rune preference: random
     0 | D:1      | 0 ||| qw: Goals: Normal
     0 | D:1      | 0 ||| PLANNING D:1-11
   288 | D:1      | Reached XP level 2. HP: 17/17 MP: 2/2
   785 | D:1      | 785 ||| UPGRADING to +0 ring mail.
   795 | D:1      | 795 ||| DROPPING +0 leather armour.
   796 | D:1      | 796 ||| DROPPING scroll of butterflies.
   924 | D:2      | Reached skill level 1 in Armour
   961 | D:2      | Reached XP level 3. HP: 21/21 MP: 3/3
  1066 | D:2      | Reached skill level 5 in Ranged Weapons
  1548 | D:2      | 1548 ||| UPGRADING to +0 pair of boots.
  1553 | D:2      | 1553 ||| READING scroll labelled QEPNIRPHEAG.
  1558 | D:2      | 1558 ||| READING scroll labelled QOQIUV PIOLLO.
  1559 | D:2      | 1559 ||| READING scroll labelled QIHILLAONK.
  1560 | D:2      | 1560 ||| READING scroll labelled LYOCOCY BAITIH.
  1561 | D:2      | 1561 ||| DRINKING 2 fizzy silvery potions.
  1562 | D:2      | 1562 ||| DRINKING 3 fuming silvery potions.
  1563 | D:2      | 1563 ||| DRINKING 2 fizzy clear potions.
  1563 | D:2      | Gained mutation: Your flesh is heat resistant. (rF+)
                  | [potion of mutation]
  1563 | D:2      | Gained mutation: Your magical capacity is low. (-10% MP)
                  | [potion of mutation]
  1563 | D:2      | Gained mutation: You are robust. (+10% HP) [potion of
                  | mutation]
  1568 | D:2      | 1568 ||| DROPPING potion of brilliance.
  1609 | D:3      | Reached skill level 3 in Fighting
  1609 | D:3      | Reached XP level 4. HP: 30/30 MP: 3/3
  1648 | D:3      | 1648 ||| READING scroll of enchant armour.
  1648 | D:3      | 1648 ||| ENCHANTING +0 pair of boots.
  1792 | D:3      | Noticed Jessica
  1803 | D:3      | Killed Jessica
  2038 | D:3      | 2038 ||| READING scroll labelled QASOSS JUADAU.
  2039 | D:3      | 2039 ||| READING scroll labelled KIDANUM XONA.
  2040 | D:3      | 2040 ||| READING scroll labelled SIETAUB UCSAS.
  2041 | D:3      | 2041 ||| DRINKING 2 brown potions.
  2141 | D:4      | Found an opulent altar of Gozag.
  2150 | D:4      | Reached XP level 5. HP: 35/35 MP: 4/4
  2174 | D:4      | Found Boerihus's Magic Scroll Shoppe.
  2188 | D:4      | 2188 ||| BUYING scroll of enchant armour (75 gold).
  2188 | D:4      | Bought a scroll of enchant armour for 75 gold pieces
  2188 | D:4      | 2188 ||| BUYING scroll of identify (20 gold).
  2188 | D:4      | Bought a scroll of identify for 20 gold pieces
  2188 | D:4      | 2188 ||| BUYING scroll of identify (20 gold).
  2188 | D:4      | Bought a scroll of identify for 20 gold pieces
  2188 | D:4      | 2188 ||| BUYING scroll of identify (20 gold).
  2188 | D:4      | Bought a scroll of identify for 20 gold pieces
  2188 | D:4      | 2188 ||| BUYING scroll of teleportation (30 gold).
  2188 | D:4      | Bought a scroll of teleportation for 30 gold pieces
  2188 | D:4      | 2188 ||| READING scroll of enchant armour.
  2188 | D:4      | 2188 ||| ENCHANTING +1 pair of boots.
  2511 | D:4      | Found Marhuys's Assorted Antiques.
  2514 | D:4      | 2514 ||| BUYING bubbling green potion (16 gold).
  2514 | D:4      | Bought a bubbling green potion for 16 gold pieces
  2514 | D:4      | 2514 ||| BUYING fuming purple potion (16 gold).
  2514 | D:4      | Bought a fuming purple potion for 16 gold pieces
  2514 | D:4      | 2514 ||| SHOPLISTING glowing shortbow (108 gold, have 29).
  2514 | D:4      | 2514 ||| SHOPLISTING scroll of identify (36 gold, have 29).
  2570 | D:4      | Reached skill level 6 in Ranged Weapons
  2709 | D:4      | 2709 ||| UPGRADING to +0 cloak.
  2714 | D:4      | 2714 ||| READING scroll labelled NYPIEMONGU.
  2715 | D:4      | 2715 ||| DRINKING 2 dark potions.
  2819 | D:4      | 2819 ||| DRINKING 4 fuming purple potions.
  2820 | D:4      | 2820 ||| READING 5 scrolls of identify.
  2820 | D:4      | 2820 ||| IDENTIFYING murky brown potion
  2821 | D:4      | 2821 ||| READING 4 scrolls of identify.
  2821 | D:4      | 2821 ||| IDENTIFYING lumpy brown potion
  2822 | D:4      | 2822 ||| READING 3 scrolls of identify.
  2822 | D:4      | 2822 ||| IDENTIFYING bubbling ruby potion
  2823 | D:4      | 2823 ||| READING 2 scrolls of identify.
  2823 | D:4      | 2823 ||| IDENTIFYING bubbling green potion
  2824 | D:4      | 2824 ||| DROPPING potion of berserk rage.
  2825 | D:4      | 2825 ||| DROPPING potion of lignification.
  2826 | D:4      | 2826 ||| DROPPING 3 potions of degeneration.
  2827 | D:4      | 2827 ||| DROPPING potion of invisibility.
  2828 | D:4      | 2828 ||| DROPPING potion of ambrosia.
  2858 | D:5      | Entered Level 5 of the Dungeon
  2867 | D:5      | Reached XP level 6. HP: 41/41 MP: 5/5
  3128 | D:5      | Reached skill level 7 in Ranged Weapons
  3129 | D:5      | Noticed a black bear
  3136 | D:5      | 3136 ||| Stepping ~*~*~tactically~*~*~ (retreating).
  3140 | D:5      | 3140 ||| Stepping ~*~*~tactically~*~*~ (retreating).
  3142 | D:5      | 3142 ||| Stepping ~*~*~tactically~*~*~ (retreating).
  3152 | D:5      | HP: 9/41 [black bear (3)]
  3153 | D:5      | 3153 ||| READING 3 scrolls of teleportation.
  3154 | D:5      | 3154 ||| DRINKING 4 potions of heal wounds.
  3229 | D:5      | Reached XP level 7. HP: 47/47 MP: 6/6
  3396 | D:5      | Reached skill level 8 in Ranged Weapons
  3683 | D:5      | Found a stormy altar of Qazlal.
  3729 | D:5      | 3729 ||| DROPPING ring of ice.
  3730 | D:5      | 3730 ||| UPGRADING to +6 ring of dexterity.
  3731 | D:5      | 3731 ||| UPGRADING to ring of protection from cold.
  3732 | D:5      | 3732 ||| READING scroll labelled EPHEANKUTO.
  3733 | D:5      | 3733 ||| DRINKING 2 viscous red potions.
  3734 | D:5      | 3734 ||| DROPPING potion of attraction.
  3813 | D:6      | Reached XP level 8. HP: 36/52 MP: 7/7
  3995 | D:6      | Noticed a two-headed ogre
  4006 | D:6      | HP: 7/53 [two-headed ogre/+0 giant club (17)]
  4007 | D:6      | 4007 ||| READING 2 scrolls of teleportation.
  4007 | D:6      | Mangled by a two-headed ogre

Levels and vault maps discovered:
D:1:      dpeg_arrival_central, layout_basic, chequers_serial_rivers_micro_d
D:2:      layout_loops_ring, kennysheep_generic_room_5
D:3:      layout_rooms, uniq_jessica
D:4:      layout_loops_ring, mainiacjoe_overflow_brackets, serial_shops,
          kennysheep_mini, nicolae_square_shop
D:5:      layout_basic, mainiacjoe_overflow_chevrons, kennysheep_doodads
D:6:      layout_rooms, moated_statue

Skill      XL: |  1  2  3  4  5  6  7  8 |
---------------+-------------------------+-----
Armour         | 1 2 |  2.1
Ranged Weapons | 5 6 7 8 |  8.0
Fighting       | 3 4 5 |  5.1
Dodging        | 2 |  2.6
Stealth        | |  1.1

Action                     |  1- 3 |  4- 6 |  7- 9 || total
---------------------------+-------+-------+-------++-------
   Fire: Shortbow          |   104 |   158 |    95 ||   357
    Use: Scroll            |     4 |    11 |     2 ||    17
         Potion            |     3 |     4 |     1 ||     8
 Armour: Leather armour    |     3 |       |       ||     3
         Ring mail         |    15 |   113 |    43 ||   171
  Dodge: Dodged            |    17 |    77 |    30 ||   124

Table legend:
 A = Non-vault XP
 B = Vault XP
 C = Vault XP percentage of total XP
 D = Non-vault monster count
 E = Vault monster count
 F = Vault count percentage of total count
                 A         B        C        D         E       F
            +---------+---------+-------+---------+---------+-------
      Total |    1214 |      40 |   3.2 |      77 |       3 |   3.8
            +---------+---------+-------+---------+---------+-------
        D:1 |      22 |       0 |   0.0 |      14 |       0 |   0.0
        D:2 |      38 |       3 |   7.3 |      12 |       2 |  14.3
        D:3 |      45 |      37 |  45.1 |      17 |       1 |   5.6
        D:4 |      98 |       0 |   0.0 |       9 |       0 |   0.0
        D:5 |     799 |       0 |   0.0 |      20 |       0 |   0.0
        D:6 |     212 |       0 |   0.0 |       5 |       0 |   0.0
            +---------+---------+-------+---------+---------+-------
